 Dungeon Crawl Stone Soup version 0.19-a0-994-g3c636f0 (webtiles) character file.

679 ololoev the Vandal (level 7, -4/63 HPs)
             Began as a Deep Dwarf Hunter on July 15, 2016.
             Was a Follower of Elyvilon.
             Slain by an orc warrior
             ... wielding a +0 flail
              (17 damage)
             ... on level 5 of the Dungeon.
             The game lasted 00:07:41 (4289 turns).

ololoev the Vandal (Deep Dwarf Hunter)              Turns: 4289, Time: 00:07:41

Health: -4/63      AC:  9    Str: 17    XL:     7   Next: 34%
Magic:  10/10      EV:  8    Int: 12    God:    Elyvilon [*.....]
Gold:   410        SH:  0    Dex: 13    Spells: 0 memorised, 6 levels left

rFire  . . .     SeeInvis .     a - +0 flail
rCold  . . .     Gourm    .     c - +0 chain mail
rNeg   . . .     Faith    .     (no shield)
rPois  .         Spirit   .     (no helmet)
rElec  .         Dismiss  .     (no cloak)
rCorr  .         Reflect  .     (no gloves)
SustAt .         Harm     .     (no boots)
MR     +....                    (no amulet)
Stlth  ..........               (no ring)
                                (no ring)

@: non-regenerating, somewhat resistant to hostile enchantments, extremely
unstealthy
A: damage resistance, recharge devices, sense surroundings 1, slow regeneration
3
a: Device Recharging, Lesser Healing, Divine Protection, Renounce Religion


Innate Abilities, Weirdness & Mutations

You are resistant to damage.
You can recharge devices by infusing magical energy.
You passively map a small area around you.
You do not regenerate naturally.

Inventory:

Hand Weapons
 a - a +0 flail (weapon)
 b - a +1 hunting sling
Missiles
 g - 97 stones (quivered)
Armour
 c - a +0 chain mail (worn)
Jewellery
 d - an uncursed ring of ice
Wands
 e - a wand of heal wounds (1/9)
 s - a wand of flame (7/48)
 D - a wand of acid (6/15)
Scrolls
 i - a scroll of recharging {unknown}
 k - 3 scrolls of identify {unknown}
 o - 3 scrolls of noise {unknown}
 r - 2 scrolls of remove curse {unknown}
 u - a scroll of fear {unknown}
 v - a scroll of teleportation {unknown}
 w - a scroll of immolation {unknown}
 x - 3 scrolls of amnesia {unknown}
 y - a scroll of magic mapping {unknown}
 z - 4 scrolls of enchant armour {unknown}
Potions
 h - a potion of magic {unknown}
 l - a potion of ambrosia {unknown}
 m - 3 potions of curing {unknown}
 n - a potion of haste {unknown}
 A - 2 potions of agility {unknown}
 B - a potion of might {unknown}
 C - a potion of brilliance {unknown}
 E - a potion of degeneration {unknown}
 F - a potion of cancellation {unknown}
Comestibles
 f - 5 bread rations
 j - a royal jelly
 p - a beef jerky
 q - 2 meat rations
 t - 9 fruits


   Skills:
 + Level 3.6 Fighting
 * Level 4.0 Maces & Flails
 - Level 4.3 Slings
 + Level 3.1 Armour
 + Level 4.1 Dodging
 - Level 1.2 Stealth
 + Level 4.3 Evocations


You had 6 spell levels left.
You didn't know any spells.


You were on level 5 of the Dungeon.
You worshipped Elyvilon.
Elyvilon was aware of your devotion.
You were not hungry.

You visited 2 branches of the dungeon, and saw 7 of its levels.

You collected 410 gold pieces.

##.## #..## #..#
##.## #..# ##.##
#######..# ##..# #
#........# #..##
#####........## ##.##
......>.......##
###.##
..###..........###
###..## ..#
##.........o@###....#
..#
#........##.Z.....##
..##
#.......######.....##
...# #......##
###.......# ...#
##....## #........##
...# ######
#........## .###
#......<..# ##
##......#.## #
##..######.##

Notes
Turn   | Place    | Note
-------+----------+-------------------------------------------
     0 | D:1      | ololoev the Deep Dwarf Hunter began the quest for the Orb.
     0 | D:1      | Reached XP level 1. HP: 19/19 MP: 1/1
    39 | D:1      | Reached skill level 1 in Evocations
   181 | D:1      | Reached XP level 2. HP: 26/26 MP: 2/2
   389 | D:1      | Reached skill level 1 in Armour
   885 | D:2      | Reached XP level 3. HP: 32/32 MP: 4/4
   908 | D:2      | Reached skill level 1 in Maces & Flails
  1072 | D:2      | Noticed Terence
  1111 | D:2      | Killed Terence
  1111 | D:2      | Reached XP level 4. HP: 32/40 MP: 3/5
  2004 | D:3      | Reached XP level 5. HP: 32/46 MP: 7/7
  2726 | D:4      | Found a staircase to the Ecumenical Temple.
  2742 | Temple   | Entered the Ecumenical Temple
  2756 | Temple   | Became a worshipper of Elyvilon the Healer
  3210 | D:5      | Entered Level 5 of the Dungeon
  3241 | D:5      | Reached XP level 6. HP: 10/56 MP: 8/8
  3444 | D:5      | Reached * piety under Elyvilon
  3880 | D:5      | Reached XP level 7. HP: 49/62 MP: 10/10
  4289 | D:5      | Slain by an orc warrior

Dungeon Overview and Level Annotations

Branches:
Dungeon (6/15)             Temple (1/1) D:4

Altars:
Ashenzari
Cheibriados
Dithmenos
Elyvilon
Fedhas
Gozag
Hepliaklqana
Kikubaaqudgha
Makhleb
Nemelex Xobeh
Okawaru
Pakellas
Qazlal
Ru
Sif Muna
Trog
Vehumet
Xom
Yredelemnul
Zin
The Shining One


Message History

There is an open door here.
There is a stone staircase leading up here.
The orc warrior hits you with a flail.
The orc hits you from afar with a trident.
You climb upwards.
There is a stone staircase leading down here.
Evoke which item? (* to show all) (? for menu, Esc to quit)
Okay, then.
a - a +0 flail (weapon)
You closely miss the orc warrior.
The orc warrior is severely wounded.
The orc warrior hits you with a flail!
Evoke which item? (* to show all) (? for menu, Esc to quit)
Zapping:
e - a wand of heal wounds (4/9)
Press: ? - help, Shift-Dir - straight line, f - you You feel much better.
This wand has 3 charges left.
The orc warrior completely misses you.
You hit the orc warrior but do no damage.
The orc warrior is severely wounded.
The orc warrior hits you but does no damage.
A giant frog skeleton comes into view.
You closely miss the orc warrior.
The orc warrior is severely wounded.
The giant frog skeleton moves out of view.
The orc warrior hits you with a flail!
You hit the orc warrior but do no damage.
The orc warrior is severely wounded.
The orc warrior closely misses you.
You hit the orc warrior but do no damage.
The orc warrior is severely wounded.
The orc warrior hits you with a flail!
You sock the orc warrior!
The orc warrior is almost dead.
The orc warrior hits you but does no damage.
The giant frog skeleton barely misses you.
You hit the orc warrior but do no damage.
The orc warrior is almost dead.
The orc warrior misses you.
The giant frog skeleton hits you but does no damage.
Your chain mail prevents you from hitting the orc warrior.
The orc warrior is almost dead.
The giant frog skeleton barely misses you.
The orc warrior barely misses you.
The giant frog skeleton hits you but does no damage.
You barely miss the orc warrior.
The orc warrior is almost dead.
The orc warrior hits you with a flail!
The giant frog skeleton hits you but does no damage.
Evoke which item? (* to show all) (? for menu, Esc to quit)
Zapping:
e - a wand of heal wounds (3/9)
Press: ? - help, Shift-Dir - straight line, f - you You feel much better.
This wand has 2 charges left.
The giant frog skeleton hits you but does no damage.
The orc warrior hits you with a flail! The giant frog skeleton hits you.
Your chain mail prevents you from hitting the orc warrior.
The orc warrior is almost dead.
The orc warrior hits you with a flail! The giant frog skeleton hits you.
You hit the orc warrior but do no damage.
The orc warrior is almost dead.
The giant frog skeleton hits you but does no damage.
The orc warrior hits you but does no damage.
The giant frog skeleton hits you but does no damage.
Evoke which item? (* to show all) (? for menu, Esc to quit)
Zapping:
e - a wand of heal wounds (2/9)
Press: ? - help, Shift-Dir - straight line, f - you You feel much better.
This wand has 1 charge left.
The orc warrior hits you with a flail!
The giant frog skeleton hits you but does no damage.
You hit the orc warrior but do no damage.
The orc warrior is almost dead.
The giant frog skeleton closely misses you.
The orc warrior hits you with a flail! The giant frog skeleton hits you.
You barely miss the orc warrior.
The orc warrior is almost dead.
The orc warrior hits you with a flail. The giant frog skeleton misses you.
You hit the orc warrior but do no damage.
The orc warrior is almost dead.
The giant frog skeleton completely misses you.
The orc warrior hits you with a flail!!
You die...

You could see an orc warrior and a giant frog skeleton.

Vanquished Creatures
  A phantom (D:5)
  A scorpion (D:6)
  A crimson imp (D:5)
  2 hounds (D:5)
  An orc wizard (D:5)
  A giant frog skeleton (D:5)
  Terence (D:2)
  5 worker ants
  A worker ant zombie (D:6)
  11 adders
  4 gnolls
  An ooze (D:5)
  4 worms
  3 dart slugs
  2 giant geckos (D:1)
  An orc (D:4)
  2 ball pythons
  4 bats
  2 giant cockroaches (D:3)
  10 goblins
  3 hobgoblins
  3 jackals (D:2)
  4 quokkas
  A giant newt (D:3)
  9 kobolds
  10 rats
88 creatures vanquished.

Action                   |  1- 3 |  4- 6 |  7- 9 || total
-------------------------+-------+-------+-------++-------
Melee: Flail             |       |       |    14 ||    14
 Fire: Hunting sling     |   112 |   299 |    68 ||   479
Throw: Stone             |       |     3 |       ||     3
Invok: Lesser Healing    |       |     7 |     5 ||    12
Evoke: Wand              |       |     1 |     3 ||     4
  Eat: Chunk             |       |     9 |     3 ||    12
Armor: Chain mail        |    23 |    46 |    29 ||    98
Dodge: Dodged            |    23 |    42 |    24 ||    89

Vault maps used:
D:1:      lightli_arrival_farm, hex_large, minmay_vboxes
D:2:      first_bread, uniq_terence
D:3:      st_stairs_11
D:5:      kennysheep_dice
D:6:      overflow_temple_1_default, amethyst_killhole
Temple:   grunt_wide_crystal_templ
